 Dungeon Crawl Stone Soup version 0.24.0-10-g970556be89 (webtiles) character file.

Game seed: 1084395776237493271, levelgen mode: deterministic

13419 Gildeon the Archer (level 11, -1/89 HPs)
             Began as a Centaur Hunter on Nov 3, 2019.
             Was a High Priest of Makhleb.
             Slain by a wolf (4 damage)
             ... on level 1 of the Lair of Beasts on Nov 4, 2019.
             The game lasted 01:11:20 (12167 turns).

Gildeon the Archer (Centaur Hunter)                Turns: 12167, Time: 01:11:20

Health: -1/89      AC:  9    Str: 19    XL:     11   Next: 75%
Magic:  18/18      EV: 13    Int: 10    God:    Makhleb [*****.]
Gold:   420        SH:  0    Dex: 16    Spells: 2/19 levels left

rFire    . . .     SeeInvis .   a - +3 shortbow
rCold    + . .     Gourm    .   (shield currently unavailable)
rNeg     . . .     Faith    .   I - +2 robe {rC+}
rPois    .         Spirit   .   (no helmet)
rElec    .         Reflect  .   O - +2 cloak
rCorr    .         Harm     +   (no gloves)
MR       .....                  (no barding)
Stlth    +.........             u - amulet of harm
HPRegen  0.24/turn              b - +2 ring of strength
MPRegen  0.16/turn              n - +5 ring of dexterity

@: studying Fire Magic, very quick
A: large, hooves 3, deformed body, speed 2, tough skin 3
a: Minor Destruction, Lesser Servant of Makhleb, Major Destruction, Greater
Servant of Makhleb, Renounce Religion


You were on level 1 of the Lair of Beasts.
You worshipped Makhleb.
Makhleb was extremely pleased with you.
You were not hungry.

You visited 3 branches of the dungeon, and saw 14 of its levels.

You collected 614 gold pieces.
You spent 194 gold pieces at shops.

Inventory:

Hand Weapons
 a - a +3 shortbow (weapon)
 v - a +2 trident of venom
 y - a +3 halberd
Missiles
 i - 109 arrows (quivered)
Armour
 c - a +0 leather armour
 e - a +0 ring mail
 g - a +0 chain mail
 r - a +0 scale mail
 w - a +0 plate armour
 I - a +2 robe of cold resistance (worn)
 O - a +2 cloak (worn)
 P - a +0 plate armour of fire resistance
Jewellery
 b - a +2 ring of strength (left hand)
 n - a +5 ring of dexterity (right hand)
 s - an uncursed ring of ice
 u - an amulet of harm (around neck)
Wands
 H - a wand of disintegration (13)
 Q - a wand of paralysis (6)
Scrolls
 d - a scroll of summoning
 h - 2 scrolls of magic mapping
 k - a scroll of fear
 m - 8 scrolls of remove curse
 t - 3 scrolls of blinking
 C - 3 scrolls of fog
 G - 2 scrolls of teleportation
 L - a scroll of amnesia
Potions
 j - a potion of lignification
 l - 12 potions of curing
 o - 3 potions of heal wounds
 p - a potion of magic
 q - 3 potions of flight
 x - 2 potions of haste
 z - a potion of mutation {unknown}
 A - 2 potions of ambrosia
 B - a potion of berserk rage
 D - 2 potions of resistance
 K - a potion of invisibility
 M - 2 potions of brilliance
 N - a potion of might {unknown}
Books
 E - a manual of Fire Magic
Comestibles
 f - 22 rations
 J - 5 chunks of flesh


   Skills:
 + Level 6.1 Fighting
 - Level 0.5 Polearms
 - Level 14.0 Bows
 - Level 5.0 Armour
 - Level 5.2 Dodging
 - Level 0.4 Stealth
 + Level 4.9 Spellcasting
 - Level 5.0 Hexes
 + Level 1.8 Necromancy
 - Level 7.0 Fire Magic
 - Level 5.0 Invocations


You had 2 spell levels left.
You knew the following spells:

 Your Spells              Type           Power        Failure   Level  Hunger
a - Pain                  Necr           #...         11%         1    #......
b - Flame Tongue          Conj/Fire      #....        5%          1    #......
c - Throw Flame           Conj/Fire      #.....       9%          2    ##.....
d - Vampiric Draining     Necr           #.........   32%         3    ###....
e - Regeneration          Chrm/Necr      #.........   43%         3    ###....
f - Inner Flame           Hex/Fire       ##......     6%          3    ###....
g - Cause Fear            Hex            ##........   30%         4    #####..

Your spell library contained the following spells:

 Spells                   Type           Power        Failure   Level  Hunger
 Animate Skeleton         Necr           N/A          11%         1    #......
 Beastly Appendage        Tmut           #.....       24%         1    #......
 Sticks to Snakes         Tmut           #.......     34%         2    ##.....
 Conjure Flame            Conj/Fire      #.......     16%         3    ###....
 Sticky Flame             Conj/Fire      #.......     47%         4    #####..
 Spider Form              Tmut/Pois      #.........   56%         3    ###....
 Animate Dead             Necr           N/A          71%         4    #####..
 Fireball                 Conj/Fire      #.........   83%         5    ######.
 Ice Form                 Ice/Tmut       #.......     93%         4    #####..
 Silence                  Hex/Air        #.........   93%         5    ######.
 Yara's Violent Unravell  Hex/Tmut       #.........   93%         5    ######.
 Bolt of Magma            Conj/Fire/Erth #.........   94%         5    ######.
 Blade Hands              Tmut           #.........   100%        5    ######.
 Iskenderun's Battlesphe  Conj/Chrm      #.......     100%        5    ######.
 Venom Bolt               Conj/Pois      #.........   100%        5    ######.
 Deflect Missiles         Chrm/Air       #.........   100%        6    #######
 Iron Shot                Conj/Erth      #.........   100%        6    #######
 Orb of Destruction       Conj           #.........   100%        7    #######
 Spellforged Servitor     Conj/Summ      #.........   100%        7    #######
 Discord                  Hex            ##........   100%        8    #######


Dungeon Overview and Level Annotations

Branches:
Dungeon (12/15)            Temple (1/1) D:6            Lair (1/6) D:10
    Orc (0/2) D:9

Altars:
Ashenzari
Cheibriados
Dithmenos
Elyvilon
Fedhas
Gozag
Hepliaklqana
Kikubaaqudgha
Makhleb
Okawaru
Qazlal
Ru
Sif Muna
Trog
Uskayaw
Vehumet
Wu Jian
Xom
Yredelemnul
Zin
The Shining One

Shops:
D:6 ?   D:10 !

Annotations:
D:7 1 runed translucent door


Innate Abilities, Weirdness & Mutations

You have hooves in place of feet.
Armour fits poorly on your strangely shaped body.
You cover ground very quickly.
You have extremely tough skin. (AC +3)


Message History

The wolf barely misses you.
Firing (i - inventory)
i - 111 arrows (quivered)
Press: ? - help, Shift-Dir - straight line, f/p - wolf
Aim: a wolf (almost dead)
You shoot an arrow. The arrow closely misses the wolf.
The wolf barely misses you. The wolf misses you. The wolf bites you!
* * * LOW HITPOINT WARNING * * *
The wolf closely misses you.
Firing (i - inventory)
i - 110 arrows (quivered)
Press: ? - help, Shift-Dir - straight line, f/p - wolf
Aim: a wolf (almost dead)
You shoot an arrow. The arrow hits the wolf!
You kill the wolf!
Makhleb accepts your kill. The wolf bites you.
* * * LOW HITPOINT WARNING * * *
The wolf bites you.
* * * LOW HITPOINT WARNING * * *
The wolf bites you.
You die...

#.#### ##......#
#.##.#####.....##
###..#............#
##................####
.###..###............##.#
#......#.................##
######...................#
###.#....÷h?..........###
#...#.....h@#.#.#....##.###
####..##.).#h(...#...........
.#....#.......##.##.#..#.≈≈≈≈≈
........(###..##.......≈≈≈≈≈≈≈
###.....###...#P...###≈≈≈#####
###......#.......#P.≈≈##
#####.##..##...#..≈≈#
#.(.(..(.(...#≈≈##
###...#.....##≈≈≈######


You could see 3 wolves.

Vanquished Creatures
  Fannar (D:11)
  2 two-headed ogres (D:8)
  An ugly thing (D:11)
  A cyclops (D:11)
  2 centaur zombies (D:10)
  3 trolls
  Prince Ribbit (D:5)
  A hippogriff (D:11)
  Sigmund (D:5)
  14 yaks
  2 hungry ghosts (D:9)
  3 water moccasins
  An acid dragon (D:11)
  2 phantoms
  4 sky beasts
  7 orc warriors
  A necrophage (D:10)
  A swamp drake (D:9)
  2 ice beasts
  5 ogres
  8 centaurs
  3 wolves
  Blork the orc (D:5)
  7 bullfrogs
  A gnoll sergeant (D:8)
  A wyvern zombie (D:9)
  2 scorpions
  6 wights
  3 howler monkeys
  An electric eel (D:10)
  2 crimson imps
  9 orc priests
  7 hounds
  Crazy Yiuf (D:3)
  4 bullfrog skeletons
  4 bullfrog zombies
  A jelly (D:8)
  16 orc wizards
  3 centaur skeletons
  A gnoll shaman (D:8)
  4 iguanas
  9 worker ants
  A killer bee zombie (D:8)
  A hound skeleton (D:5)
  A howler monkey zombie (D:6)
  9 gnolls (D:8)
  A worker ant zombie (D:7)
  17 adders
  A shadow imp (D:6)
  An ooze (D:2)
  2 adder skeletons
  2 worms
  3 dart slugs
  4 leopard geckos
  48 orcs
  8 ball pythons
  6 giant cockroaches
  5 hobgoblins
  20 jackals
  3 quokkas
  6 bats
  9 frilled lizards
  10 goblins
  A jackal zombie (D:6)
  10 kobolds
  11 rats
329 creatures vanquished.

Vanquished Creatures (collateral kills)
  A worker ant zombie (D:9)
1 creature vanquished.

Vanquished Creatures (others)
  An orc (D:9)
  6 toadstools (D:10)
7 creatures vanquished.

Grand Total: 337 creatures vanquished

Notes
Turn   | Place    | Note
-------+----------+-------------------------------------------
     0 | D:1      | Gildeon the Centaur Hunter began the quest for the Orb.
     0 | D:1      | Reached XP level 1. HP: 17/17 MP: 1/1
   162 | D:1      | Reached skill level 6 in Bows
   162 | D:1      | Reached XP level 2. HP: 24/24 MP: 2/2
   472 | D:1      | Reached XP level 3. HP: 23/29 MP: 3/3
  1085 | D:2      | Reached skill level 7 in Bows
  1413 | D:3      | Found a bloodstained altar of Trog.
  1461 | D:3      | Reached XP level 4. HP: 20/36 MP: 4/4
  1909 | D:3      | Found a runed translucent door.
  1910 | D:3      | Noticed Crazy Yiuf
  1940 | D:3      | Killed Crazy Yiuf
  1940 | D:3      | Reached skill level 8 in Bows
  2019 | D:3      | Reached XP level 5. HP: 24/41 MP: 5/5
  2173 | D:3      | Found a shimmering altar of Xom.
  2189 | D:3      | Found a burning altar of Makhleb.
  2195 | D:3      | Became a worshipper of Makhleb the Destroyer
  2527 | D:4      | Reached skill level 9 in Bows
  2668 | D:4      | Reached XP level 6. HP: 47/48 MP: 6/6
  2669 | D:4      | Reached * piety under Makhleb
  2844 | D:4      | Reached skill level 10 in Bows
  3337 | D:5      | Entered Level 5 of the Dungeon
  3338 | D:5      | Noticed a sky beast
  3338 | D:5      | Noticed Sigmund
  3448 | D:5      | Noticed Prince Ribbit
  3474 | D:5      | Killed Prince Ribbit
  3474 | D:5      | Reached skill level 11 in Bows
  3474 | D:5      | Reached XP level 7. HP: 31/55 MP: 2/7
  3582 | D:5      | Reached skill level 12 in Bows
  3632 | D:5      | Reached XP level 8. HP: 61/61 MP: 6/8
  3703 | D:5      | Noticed Blork the orc
  3714 | D:5      | Killed Blork the orc
  3801 | D:6      | Reached skill level 13 in Bows
  3808 | D:6      | Reached ** piety under Makhleb
  3984 | D:6      | Found a staircase to the Ecumenical Temple.
  4019 | D:6      | Found Nintinta's Magic Scroll Shoppe.
  4227 | Temple   | Entered the Ecumenical Temple
  4417 | D:6      | Reached skill level 14 in Bows
  5199 | D:6      | Bought a scroll of magic mapping for 52 gold pieces
  5199 | D:6      | Bought a scroll of fear for 52 gold pieces
  5199 | D:6      | Bought a scroll of identify for 30 gold pieces
  5199 | D:6      | Bought a scroll of identify for 30 gold pieces
  5199 | D:6      | Bought a scroll of fog for 30 gold pieces
  5426 | D:7      | Reached skill level 5 in Fighting
  5588 | D:7      | Reached XP level 9. HP: 74/74 MP: 9/9
  5592 | D:7      | Reached skill level 1 in Armour
  5743 | D:7      | Found a white marble altar of Elyvilon.
  5743 | D:7      | Found a runed translucent door.
  5743 | D:7      | Noticed an angel
  5967 | D:7      | Found a blossoming altar of Fedhas.
  6150 | D:7      | Reached *** piety under Makhleb
  6253 | D:8      | Noticed a two-headed ogre
  6661 | D:5      | Killed Sigmund
  6884 | D:8      | Killed a two-headed ogre
  7453 | D:8      | Learned a level 4 spell: Cause Fear
  7501 | D:8      | Noticed a two-headed ogre
  7520 | D:8      | Killed a two-headed ogre
  7520 | D:8      | Reached skill level 5 in Dodging
  7520 | D:8      | Reached XP level 10. HP: 81/81 MP: 10/10
  7681 | D:8      | Reached skill level 5 in Armour
  7724 | D:9      | Identified a scroll of acquirement
  7809 | D:9      | Found a shimmering altar of Xom.
  7811 | D:9      | Found a shimmering altar of Xom.
  7839 | D:9      | Reached skill level 1 in Invocations
  7855 | D:9      | Found a shimmering altar of Xom.
  7856 | D:9      | Found a shimmering altar of Xom.
  7861 | D:9      | Found a shimmering altar of Xom.
  7861 | D:9      | Found a shimmering altar of Xom.
  7865 | D:9      | Found a shimmering altar of Xom.
  7878 | D:9      | Reached **** piety under Makhleb
  7878 | D:9      | Reached skill level 1 in Hexes
  7878 | D:9      | Reached skill level 1 in Fire Magic
  8000 | D:9      | Found an opulent altar of Gozag.
  8104 | D:9      | Reached skill level 1 in Spellcasting
  8237 | D:9      | Found a staircase to the Orcish Mines.
  8906 | D:10     | Entered Level 10 of the Dungeon
  9562 | D:10     | Found a staircase to the Lair.
  9758 | D:10     | Reached skill level 5 in Fire Magic
  9781 | D:10     | You fall into a shaft and drop 2 floors!
  9822 | D:11     | Reached XP level 11. HP: 77/86 MP: 15/15
  9931 | D:11     | Noticed Fannar
  9993 | D:11     | Killed Fannar
 10187 | D:11     | Reached skill level 5 in Invocations
 10194 | D:11     | Reached ***** piety under Makhleb
 10574 | D:11     | Noticed a cyan ugly thing
 10603 | D:11     | Killed a cyan ugly thing
 10632 | D:11     | Learned a level 1 spell: Pain
 10636 | D:11     | Learned a level 3 spell: Regeneration
 10640 | D:11     | Learned a level 3 spell: Vampiric Draining
 10830 | D:10     | Found Omoiter's Distillery.
 10972 | D:10     | Reached skill level 5 in Hexes
 11450 | D:11     | Reached skill level 1 in Necromancy
 11986 | Lair:1   | Entered Level 1 of the Lair of Beasts
 12021 | Lair:1   | Learned a level 1 spell: Flame Tongue
 12025 | Lair:1   | Learned a level 3 spell: Inner Flame
 12028 | Lair:1   | Learned a level 2 spell: Throw Flame
 12167 | Lair:1   | HP: 4/89 [wolf (6)]
 12167 | Lair:1   | Slain by a wolf

Levels and vault maps discovered:
D:1:      sevenhm_arrival_forest_fort_large_2, layout_basic, fountainhead,
          kennysheep_decorative_pillar, minmay_misc_feat_iff
D:2:      layout_rooms
D:3:      layout_loops_cross, nicolae_overflow_quartered_altars, first_ration,
          uniq_crazy_yiuf_cottage
D:4:      layout_basic, minmay_snake_closets
D:5:      layout_rooms, uniq_blork_the_orc, uniq_prince_ribbit1, uniq_sigmund
D:6:      wander_river, layout_gridville, minmay_temple_entry_offerings,
          serial_shops, shop
D:7:      layout_basic, nicolae_overflow_hidden_temple, grunt_ogre_cave,
          lemuel_angel_altar
D:8:      layout_basic, minmay_checkerbox
D:9:      layout_basic, old_standard_altar, erik_orc_1, nicolae_xom_altar_mimics
D:10:     layout_basic, erik_lair_island, serial_shops,
          nicolae_shop_behind_doors, minmay_misc_feat_square,
          minmay_gold_behind_fungi
D:11:     layout_layer_cave, uniq_fannar
D:12:     layout_roguey, serial_shops, nicolae_shop_behind_doors, shop, shop,
          uniq_frances, uniq_rupert
Temple:   regret_index_temple_sphere_string
Lair:1:   layout_misc_corridors, worms_lemuel

Skill      XL: |  1  2  3  4  5  6  7  8  9 10 11 |
---------------+----------------------------------+-----
Bows           | 6 7 8 9 11 12 14 | 14.0
Fighting       | 5 6 |  6.1
Armour         | 4 5 |  5.0
Dodging        | 5 |  5.2
Invocations    | 4 5 |  5.0
Hexes          | 3 5 |  5.0
Fire Magic     | 5 7 |  7.0
Spellcasting   | 2 4 |  4.9
Necromancy     | 1 |  1.8
Polearms       | |  0.5
Stealth        | |  0.4

Action                   |  1- 3 |  4- 6 |  7- 9 | 10-12 || total
-------------------------+-------+-------+-------+-------++-------
Melee: Spear             |    19 |       |     7 |       ||    26
       Kick              |     4 |       |    12 |    34 ||    50
       Halberd           |       |       |    21 |   106 ||   127
 Fire: Shortbow          |   116 |   200 |   367 |   542 ||  1225
 Cast: Inner Flame       |       |       |       |     2 ||     2
  Use: Scroll            |     6 |     3 |     9 |    10 ||    28
       Potion            |       |       |       |     1 ||     1
  Eat: Chunk             |     1 |     4 |    10 |    11 ||    26
       Ration            |       |       |       |     1 ||     1
Armor: Ring mail         |    14 |       |       |       ||    14
       Chain mail        |    10 |    11 |       |       ||    21
       Plate armour      |       |    24 |    43 |   139 ||   206
       Robe              |       |       |       |    19 ||    19
Dodge: Dodged            |    20 |     7 |    26 |   104 ||   157
